Unix xNetHack Version 7.1.0 - last build Jul 19 2022 04:02:08 (a8c4666137c2c631a57c77f6261166d76d9e3895). Game began 2022-07-26 12:31:39, ended 2022-07-26 13:15:56. Raisse, neutral female gnomish Wizard --------- --------- |.......-# ---------------- |.......| |.......|# |..............| |.......| #-.......|# |..........^...| |......(- #|.......|# #...............| |.......| ##|.......|# #---.---------|-- |..~....| #---------# # ## -.------- ### # ## # ############## )## # # #i# # ### # # G ## # 0### # ---------.---- # # ##------# |............| 0####### # # # ##|....|# |............- --|---.- -----------.----# #|....|# |............| ######-.....~| |..............|# #......# |............-#### |<.....| |.............d|# |....| |............| |......| |..............|# ------ -------------- -------- |...............# --------.----.-- # Raisse the Thaumaturge St:12 Dx:11 Co:14 In:19 Wi:13 Ch:11 Neutral Dlvl:8 $:85 HP:0(52) Pw:58(88) AC:4 Xp:7/1093 T:8627 Burdened Latest messages: What do you want to write with? [- ahimEM or ?*] m Do you want to add to the current engraving? [ynq] (y) y You add to the writing in the dust with a hexagonal wand {7}. What do you want to add to the writing in the dust here? gh What do you want to zap? [m or ?*] m What do you want to call? [mwzCHN or ?*] m Call a hexagonal wand: hex nd Pick an object. u a unicorn or horse (peaceful saddled pony) [seen: normal vision, infravision] You see here a crude short sword. You have a little trouble lifting S - a crude short sword {30}. What do you want to drop? [$ahimnwzACEHMNPST or ?*] S You drop a crude short sword {30}. You swap places with the peaceful pony. The panther claws you! Your mithril elven ring mail blocks the panther's attack. The panther bites! The panther hits! The panther claws you! The panther bites! In what direction? j The magic missile hits the panther! The magic missile bounces! You kill the panther! You see here a panther corpse. There is a panther corpse here; eat it? [ynq] (n) y Blecch! Rotten food! You finish eating the panther corpse. The tengu appears next to you! The tengu pecks! The tengu pecks! The tengu pecks! In what direction? k The spell hits the tengu! The tengu resists! The tengu pecks! In what direction? k The magic missile hits the tengu! The tengu pecks! You begin bashing monsters with your bare hands. You punch the tengu. The tengu pecks! The tengu pecks! The tengu pecks! You die... Do you want your possessions identified? [ynq] (y) y Do you want to see your attributes? [ynq] (y) y Do you want an account of creatures vanquished? [ynaq] (y) y Do you want to see your conduct and achievements? [ynq] (y) y Do you want to see the dungeon overview? [ynq] (y) y Major events: Turn 1: Raisse the neutral female gnomish Wizard entered the dungeon 912: entered the Gnomish Mines 1216: attained the rank of Conjurer (level 3) 1358: reached Mine Town 2742: attained the rank of Thaumaturge (level 6) 7785: bestowed with Magicbane by Thoth 8397: destroyed post163's ghost, the former Gallant 8627: killed by a tengu Inventory: Inventory: 769/700 weight (15/52 slots) Coins $ - 85 gold pieces {1} Weapons a - an uncursed +0 silver elven dagger {10} h - an uncursed +0 orcish dagger {10} i - an uncursed +0 elven dagger {10} E - the uncursed +0 Magicbane (alternate weapon; not wielded) {10} M - 9 uncursed +0 daggers (at the ready) {90} Armor A - a blessed +0 mithril elven ring mail (being worn) {88} C - an uncursed +0 cloak of magic resistance (being worn) {8} H - an uncursed rusty +0 orcish helm (being worn) {23} N - a cursed -1 pair of dwarvish boots (being worn) {38} Comestibles P - an uncursed lichen corpse {20} T - an uncursed tripe ration {10} Wands m - an uncursed wand of secret door detection (0:13) {7} Tools n - a cursed stethoscope {4} w - an uncursed copper magic whistle {3} z - an uncursed leather bag of holding containing 48 items {437} Contents of the leather bag of holding: 441 gold pieces 12 uncursed +0 darts an uncursed +1 dagger an uncursed +0 platinum dagger an uncursed +0 bone orcish dagger a cursed +0 orcish dagger a blessed +1 quarterstaff an uncursed +0 pair of gauntlets of fumbling a cursed +0 pair of leather gloves an uncursed +0 pair of mithril dwarvish boots 12 uncursed apples 12 cursed carrots a cursed fortune cookie 3 uncursed sprigs of wolfsbane an uncursed tin of lichen 4 uncursed scrolls of blank paper an uncursed scroll of enchant armor an uncursed scroll of enchant weapon 2 cursed scrolls of enchant weapon an uncursed scroll of gold detection an uncursed scroll of light a cursed scroll of light 4 uncursed scrolls of teleportation an uncursed scroll of water an uncursed spellbook of turn undead an uncursed potion of confusion an uncursed potion of fruit juice a blessed potion of gain ability an uncursed potion of gain ability an uncursed potion of gain energy an uncursed potion of monster detection a cursed potion of object detection 2 cursed potions of paralysis an uncursed potion of see invisible a cursed potion of sleeping an uncursed potion of speed an uncursed ring of regeneration a cursed ring of shock resistance a cursed ring of teleportation an uncursed ring of warning an uncursed wand of magic missile (0:7) an uncursed wand of slow monster (0:3) an uncursed wand of teleportation (0:6) an uncursed can of grease (0:5) an uncursed mirror an uncursed +0 pick-axe an uncursed tinning kit (0:50) an uncursed wax candle Raisse the Wizard's attributes: Background: You were a Thaumaturge, a level 7 female gnomish Wizard. You were neutral, on a mission for Thoth who was opposed by Ptah (lawful) and Anhur (chaotic). You were bisexual. You were in the Dungeons of Doom, on level 8. You entered the dungeon 8627 turns ago. You had 1093 experience points, 187 more were needed to attain level 8. Basics: You had 0 out of 52 hit points. You had 58 out of 88 energy points (spell power). Your armor class was 4. Your wallet contained 85 zorkmids. Autopickup was off. Final Characteristics: Your strength was 12 (limit:18/50). Your dexterity was 11 (limit:18). Your constitution was 14 (limit:18). Your intelligence was 19 (limit:19). Your wisdom was 13 (limit:18). Your charisma was 11 (limit:18). Final Status: You were not hungry. You were burdened; movement was slightly slowed. You were bare handed. You were unskilled in bare handed combat. Final Attributes: You were piously aligned. You were magic-protected. You were cold resistant. You had infravision. You were guarded. You are dead. Miscellaneous: You encountered 1 bones level. Total elapsed playing time was 44 minutes and 16 seconds. Vanquished creatures: a small mimic a tengu a lynx a panther a brown pudding a jaguar a blue jelly a water nymph 2 dust vortices a raven a ghost a human zombie a bugbear an orc shaman 3 rock moles 2 fog clouds 3 yellow lights 2 violet fungi 2 gnome leaders an elf zombie 2 straw golems a paper golem 3 giant ants a floating eye 7 dwarves a kobold leader a kobold shaman 8 hill orcs 6 rothes 4 giant bats 5 iguanas 8 killer bees an acid blob 2 coyotes 3 gas spores 6 hobbits 3 large kobolds 3 hobgoblins 4 brown molds 2 yellow molds a red mold 11 gnomes 2 gnome zombies 5 geckos 7 jackals 3 foxes a kobold 4 goblins 3 sewer rats 3 grid bugs 7 lichens a kobold zombie 11 newts 158 creatures vanquished. No species were genocided or became extinct. Voluntary challenges: You read items or engraved 15 times. You never genocided any monsters. You never polymorphed an object. You never changed form. You used no wishes. You were celibate. You never generated conflict. Achievements: You entered the Gnomish Mines. You attained the rank of Conjurer. You entered Minetown. You entered a shop. You entered a temple. You attained the rank of Thaumaturge. The Dungeons of Doom: levels 1 to 8 Level 1: Level 2: "spb" Stairs down to The Gnomish Mines. Level 3: Level 4: Level 5: A sink. Level 6: A fountain. Level 7: An altar to Thoth. Level 8: <- You were here. A grave. Final resting place for you, killed by a tengu, post163-Kni-Hum-Fem-Law, slipped while mounting a saddled pony. The Gnomish Mines: levels 3 to 6 Level 3: Level 4: Level 5: Level 6: Many shops, a temple to Thoth, some fountains, a tree. Game over: __________ / \ / REST \ / IN \ / PEACE \ / \ | Raisse | | 526 Au | | killed by a | | tengu | | | | | | 2022 | *| * * * | * _________)/\\_//(\/(/\)/\//\/|_)_______ Goodbye Raisse the Wizard... You died in The Dungeons of Doom on dungeon level 8 with 5206 points, and 526 pieces of gold, after 8627 moves. You were level 7 with a maximum of 52 hit points when you died.